AoeStats
← Cheonma

Arabia

505768998Analyzed
1v1 RM · 22d ago on Sep 11, 2026· 47m 10s· 2 players
Game mode
Random Map
Map size
Tiny (2 player)
Population
200
Speed
Normal
Resources
Standard
Victory
Conquest
Starting age
Dark Age
Ending age
Imperial Age
RankedLock teamsTeams togetherTeam positionsShared explorationLock speedFull tech treeHidden civsTurbo modeCheats
Victory
Defeat
🇨🇴 Chinese · Colombia
1123
+18
🇦🇷 Vikings · Argentina
1165
-18
Pájaro de bronce
0:40 Loom
9:27 Feudal Age
9:39 Man-at-Arms
15:07 Fletching
15:58 Padded Archer Armor
22:24 Castle Age
20:40 Double-Bit Axe
21:14 Horse Collar
23:05 Bodkin Arrow
23:26 Leather Archer Armor
22:34 Crossbowman
22:35 Elite Skirmisher
27:08 Scale Mail Armor
28:30 Forging
31:14 Stone Mining
34:19 Ballistics
36:36 Gold Mining
38:16 Wheelbarrow
37:27 Town Watch
41:19 Imperial Age
39:30 Iron Casting
39:42 Bow Saw
40:12 Thumb Ring
40:21 Bloodlines
41:30 Heavy Plow
41:28 Light Cavalry
42:10 Husbandry
41:57 Arbalester
43:21 Conscription
43:15 Bracer
44:27 Hand Cart
43:57 Town Watch
45:09 Scale Barding Armor
Cheonma
5:57 Loom
8:56 Feudal Age
9:27 Double-Bit Axe
15:48 Fletching
18:31 Padded Archer Armor
23:34 Castle Age
21:42 Gold Mining
21:57 Horse Collar
24:19 Bodkin Arrow
23:46 Crossbowman
27:43 Bow Saw
28:17 Town Watch
32:50 Scale Barding Armor
35:03 Forging
35:29 Leather Archer Armor
35:50 Ballistics
38:47 Chain Barding Armor
38:54 Stone Mining
40:03 Masonry
39:53 Guard Tower
40:06 Elite Skirmisher
40:46 Light Cavalry
45:35 Imperial Age
44:02 Scale Mail Armor
44:38 Iron Casting
45:27 Chieftains
46:22 Bracer
46:52 Ring Archer Armor
46:23 Arbalester
Connection lost

Rejoining the realm…

Still unreachable

The connection could not be restored.

Session expired

The server has moved on; the page needs a fresh start.